 Dungeon Crawl Stone Soup version 0.30-a0-965-g42e074c17a (webtiles) character file.

Game seed: 15268936264739112609

209 sircluck the Magician (level 5, -13/38 HPs)
             Began as a Draconian Hedge Wizard on Mar 31, 2023.
             Mangled by a gnoll
             ... wielding a +4 whip of electrocution
             ... led by a gnoll bouda
              (18 damage)
             ... on level 4 of the Dungeon.
             The game lasted 00:14:09 (3022 turns).

sircluck the Magician (Draconian Hedge Wizard)      Turns: 3022, Time: 00:14:09

Health: -13/38     AC:  6    Str: 12    XL:     5   Next: 55%
Magic:  2/10       EV: 12    Int: 17    God:
Gold:   146        SH:  0    Dex: 10    Spells: 8/11 levels left

rFire   . . .      SeeInvis .    a - +0 dagger
rCold   . . .      Faith    .    (no shield)
rNeg    . . .      Spirit   .    (body armour unavailable)
rPois   .          Reflect  .    b - +0 hat
rElec   .          Rampage  .    (no cloak)
rCorr   .                        (no gloves)
Will    .....                    c - +0 pair of boots
Stlth   ++                       (no amulet)
HPRegen 0.26/turn                (no ring)
MPRegen 0.12/turn                (no ring)

@: weakened
A: AC +5, unfitting armour, cold-blooded
a: no special abilities


You were on level 4 of the Dungeon.
You visited 1 branch of the dungeon, and saw 4 of its levels.

You collected 146 gold pieces.

Inventory:

Hand Weapons
 a - a +0 dagger (weapon)
 o - a +0 long sword
Missiles
 m - 5 javelins
 w - 5 stones
Armour
 b - a +0 hat (worn)
 c - a +0 pair of boots (worn)
 x - a +0 leather armour of positive energy
Magical Staves
 n - a staff of death
Jewellery
 d - an amulet of faith
 u - a ring of fire
Scrolls
 e - a scroll of brand weapon {unknown}
 f - 2 scrolls of teleportation {unknown}
 g - a scroll of fear {unknown}
 k - a scroll of silence {unknown}
 p - 3 scrolls of identify {unknown}
 q - a scroll of blinking {unknown}
 t - a scroll of magic mapping {unknown}
 v - a scroll of immolation {unknown}
Potions
 h - a potion of might {unknown}
 i - 2 potions of heal wounds {unknown}
 j - 2 potions of lignification {unknown}
 l - 2 potions of curing {unknown}
 r - a potion of berserk rage {unknown}
 s - a potion of mutation {unknown}
 z - a potion of ambrosia {unknown}


   Skills:
 + Level 0.2 Fighting
 + Level 1.5 Short Blades
 + Level 1.0 Throwing
 + Level 2.2 Dodging
 * Level 2.5 Stealth
 + Level 3.9 Spellcasting
 * Level 2.9 Conjurations
 + Level 1.6 Summonings
 + Level 1.0 Translocations


You had 8 spell levels left.
You knew the following spells:

 Your Spells              Type           Power      Damage    Failure   Level
a - Magic Dart            Conj           52%        1d5       4%          1
b - Call Imp              Summ           8%         N/A       12%         2

Your spell library contained the following spells:

 Spells                   Type           Power      Damage    Failure   Level
 Foxfire                  Conj/Fire      32%        2x1d3     9%          1
 Static Discharge         Conj/Air       16%        2-3/arc   13%         2
 Slow                     Hex            12%        N/A       16%         1
 Blink                    Tloc           12%        N/A       16%         2
 Cigotuvi's Dreadful Rot  Necr/Pois/Air  6%         N/A       24%         2
 Mephitic Cloud           Conj/Pois/Air  6%         N/A       32%         3
 Vhi's Electric Charge    Tloc/Air       10%        N/A       36%         3
 Arcjolt                  Conj/Air       4%         1d14      94%         5
 Fireball                 Conj/Fire      4%         3d4       94%         5
 Plasma Beam              Fire/Air       1%         2x1d8     99%         5
 Starburst                Conj/Fire      4%         6d3       100%        6


Dungeon Overview and Level Annotations

Branches:
Dungeon (4/15)
 Temple: D:4-7

Altars:


Innate Abilities, Weirdness & Mutations

Your plain brown scales are hard. (AC +5)
You cannot fit into any form of body armour.
You are cold-blooded and may be slowed by cold attacks.


Message History

The gnoll bouda attacks as you move away!
The gnoll bouda barely misses you.
Your white imp gestures at the gnoll.
The puff of frost hits the gnoll!
The gnoll hits you with a +4 whip of electrocution.
Your white imp closely misses the gnoll.
The gnoll barely misses your white imp. The gnoll bouda closely misses you.
Your white imp hits the gnoll.
The gnoll dies!
The gnoll bouda attacks as you move away!
The gnoll bouda hits you with a +0 whip!
Your white imp closely misses the gnoll bouda.
Your attacks no longer feel as feeble.
The gnoll hits your white imp with a +4 whip of electrocution!
Lightning courses through your white imp!
Your white imp dies!
Your white imp disappears in a puff of smoke!
Casting: Magic Dart (safe; 4% risk of failure)
Confirm with . or Enter, or press ? or * to list all spells.
A beastly little devil appears in a puff of flame.
Your crimson imp hits the gnoll bouda.
The gnoll hits you with a +4 whip of electrocution.
Your crimson imp hits the gnoll bouda but does no damage.
The gnoll completely misses you.
Your crimson imp hits the gnoll but does no damage.
The gnoll misses you.
The gnoll bouda gazes fiercely through you!
You feel your attacks grow feeble.
The gnoll bouda hits you with a +0 whip!
Your crimson imp hits the gnoll.
The gnoll bouda attacks as you move away!
The gnoll bouda barely misses you.
The gnoll is no longer moving quickly.
The gnoll hits you with a +4 whip of electrocution.
* * * LOW HITPOINT WARNING * * *
Your crimson imp hits the gnoll.
You swap places.
The gnoll hits you with a +4 whip of electrocution!
* * * LOW HITPOINT WARNING * * *
You are electrocuted!!
You die...

#.....##....######'##......
################...##......
..........#......
.........#......
.........#......
########....##......
###...)###....##......
#..gg...)......#......
#...5@.).......'......
#..............#..[...
###########+##########
###....##......
#.......#......
#.......#......
#.......#......
#.......#......
#.......'......


You could see a gnoll bouda (ally target), a gnoll and a friendly crimson imp
(summoned).

Vanquished Creatures
  An ogre (D:4)
  3 adders
  A worm (D:4)
  2 dart slugs (D:2)
  4 orcs (D:4)
  5 endoplasms
  7 giant cockroaches
  4 goblins (D:2)
  4 hobgoblins
  10 kobolds
  A quokka (D:1)
  A ball python (D:3)
  2 bats (D:1)
  3 frilled lizards (D:1)
  A rat (D:1)
49 creatures vanquished.

Vanquished Creatures (collateral kills)
  3 gnolls (D:4)
  An endoplasm (D:2)
  A quokka (D:2)
5 creatures vanquished.

Vanquished Creatures (others)
  A fungus (D:2)
  3 plants (D:2)
4 creatures vanquished.

Grand Total: 58 creatures vanquished

Notes
Turn   | Place    | Note
-------+----------+-------------------------------------------
     0 | D:1      | sircluck the Draconian Hedge Wizard began the quest for the
                  | Orb.
     0 | D:1      | Reached XP level 1. HP: 14/14 MP: 4/4
     4 | D:1      | You fall into a shaft and drop 1 floor!
   487 | D:1      | Reached XP level 2. HP: 20/20 MP: 3/6
  1171 | D:1      | Learned a level 2 spell: Call Imp
  1501 | D:2      | Found a faded altar of an unknown god.
  1590 | D:2      | Reached XP level 3. HP: 26/26 MP: 1/8
  1940 | D:2      | HP: 1/26 [frozen (1)]
  2607 | D:4      | Noticed an ogre
  2620 | D:4      | Killed an ogre
  2621 | D:4      | Reached XP level 4. HP: 32/33 MP: 0/9
  2621 | D:4      | Reached XP level 5. HP: 37/38 MP: 0/10
  2825 | D:4      | Reached skill level 1 in Throwing
  2849 | D:4      | Reached skill level 1 in Short Blades
  3022 | D:4      | Mangled by a gnoll

Illustrated notes

Levels and vault maps discovered:
D:1:      roderic_dead_forest, layout_basic, corexii_leaking_fountain,
          kennysheep_small_spiral
D:2:      layout_loops_cross, shapermc_ecumenical_altar_ellora,
          minmay_box_of_dots
D:3:      kennysheep_big_flooded_room, layout_basic, chequers_decorated_corner
D:4:      layout_gridville, st_stairs_12

Skill      XL: |  1  2  3  4  5 |
---------------+----------------+-----
Dodging        | 2 |  2.2
Stealth        | 2 |  2.5
Conjurations   | 2 |  2.9
Throwing       | 1 |  1.0
Short Blades   | 1 |  1.5
Fighting       | |  0.2
Spellcasting   | |  3.9
Summonings     | |  1.6
Translocations | |  1.0

Action                     |  1- 3 |  4- 6 || total
---------------------------+-------+-------++-------
  Melee: Dagger            |   104 |    35 ||   139
         Tailslap          |     6 |     5 ||    11
         Punch             |     1 |     1 ||     2
  Throw: Stone             |    20 |       ||    20
         Javelin           |     9 |       ||     9
   Cast: Magic Dart        |    73 |    27 ||   100
         Call Imp          |     4 |     3 ||     7
    Use: Potion            |     1 |       ||     1
   Stab: Sleeping          |     1 |       ||     1
 Armour: Skin              |    45 |    13 ||    58
  Dodge: Dodged            |    85 |    26 ||   111

Table legend: (Time is in decaauts)
 A = Elapsed time spent in this place.
 B = Non-inter-level travel time spent in this place.
 C = Inter-level travel time spent in this place.
 D = Time resting spent in this place.
 E = Time spent auto-exploring this place.
 F = Levels seen in this place.
 G = Mean time per level.
                   A        B        C        D        E       F      G
               +--------+--------+--------+--------+--------+-----+--------+
         Total |   3030 |   2848 |    182 |    211 |   1447 |   4 |  757.5 |
       Dungeon |   3030 |   2848 |    182 |    211 |   1447 |   4 |  757.5 |
               +--------+--------+--------+--------+--------+-----+--------+

Top non-repeatable levels by time:
     D:1: 1300 daAuts
     D:2: 1187 daAuts
     D:4: 430 daAuts
     D:3: 112 daAuts
